 Dungeon Crawl Stone Soup version 0.24.0-1-gfbc8707122 (webtiles) character file.

Game seed: 8556127828512708937, levelgen mode: deterministic

136429 MTVSty1e the Executioner (level 16, -4/147 HPs)
             Began as a Minotaur Fighter on Oct 28, 2019.
             Was a High Priest of Okawaru.
             Slain by Donald
             ... wielding a +3 long sword of holy wrath
              (22 damage)
             ... on level 2 of the Orcish Mines.
             The game lasted 00:56:50 (35629 turns).

MTVSty1e the Executioner (Minotaur Fighter)        Turns: 35629, Time: 00:56:50

Health: -4/147     AC: 12    Str: 28    XL:     16   Next: 66%
Magic:  28/34      EV: 12    Int: 10    God:    Okawaru [*****.]
Gold:   2062       SH: 17    Dex: 11    Spells: 15/15 levels left

rFire    + . .     SeeInvis +   L - +2 broad axe
rCold    . . .     Gourm    .   c - +1 shield
rNeg     . . .     Faith    .   z - +2 ring mail "Boset" {Str+4 Stlth+}
rPois    .         Spirit   .   (helmet restricted)
rElec    +         Reflect  +   h - scarf {repulsion}
rCorr    .         Harm     .   (no gloves)
MR       +....                  l - +0 pair of boots
Stlth    +++.......             b - +4 amulet of reflection
HPRegen  0.34/turn              O - ring "Ediagut" {rElec MP+9 Str-3 Int+3 SInv}
MPRegen  0.24/turn              u - ring of protection from fire

@: heroism, finesse, studying Stealth, repel missiles
A: retaliatory headbutt, horns 2, blink, clever 1, screaming 1, wild magic 1
a: Blink, Heroism, Finesse, Renounce Religion


You were on level 2 of the Orcish Mines.
You worshipped Okawaru.
Okawaru was extremely pleased with you.
You were not hungry.

You visited 4 branches of the dungeon, and saw 24 of its levels.
You also visited: Sewer, Gauntlet and Ice Cave.

You collected 2298 gold pieces.
You spent 236 gold pieces at shops.

Inventory:

Hand Weapons
 H - a +1 scimitar of flaming
 L - a +2 broad axe (weapon)
Armour
 c - a +1 shield (worn)
 h - a scarf of repulsion (worn)
 l - a +0 pair of boots (worn)
 n - the +0 scale mail "Xiwobesy" {*Contam rC- rCorr Int+10}
   (Okawaru gifted it to you on level 14 of the Dungeon)

   It affects your intelligence (+10).
   It makes you vulnerable to cold.
   It causes magical contamination when unequipped.
   It provides partial protection from all sources of acid and corrosion.
 q - +0 ice dragon scales
 z - the +2 ring mail "Boset" (worn) {Str+4 Stlth+}
   (You found it on level 7 of the Dungeon)

   It affects your strength (+4).
   It makes you more stealthy.
 N - a +2 pair of gloves of dexterity
 Y - a +2 buckler of cold resistance
Jewellery
 b - a +4 amulet of reflection (around neck)
 u - a ring of protection from fire (right hand)
 x - an uncursed ring of protection from cold
 O - the ring "Ediagut" (left hand) {rElec MP+9 Str-3 Int+3 SInv}
   (You found it in a Gauntlet)

   [ring of magical power]

   It affects your strength (-3).
   It affects your intelligence (+3).
   It insulates you from electricity.
   It affects your magic capacity (+9).
   It lets you see invisible.
 W - an uncursed ring of flight
Wands
 o - a wand of random effects (8)
 w - a wand of flame (12)
 A - a wand of digging (4)
 E - a wand of scattershot (5)
 F - a wand of clouds (4)
 G - a wand of enslavement (8)
 S - a wand of paralysis (17)
 U - a wand of iceblast (51)
 V - a wand of polymorph (9)
 X - a wand of disintegration (15)
Scrolls
 e - 4 scrolls of blinking
 g - 7 scrolls of teleportation
 i - 2 scrolls of fog
 p - 2 scrolls of magic mapping
 r - 2 scrolls of fear
 y - a scroll of enchant armour
 B - a scroll of identify
 I - 11 scrolls of remove curse
 J - 3 scrolls of amnesia
 R - 3 scrolls of silence
Potions
 a - 4 potions of curing
 j - 3 potions of flight
 k - 6 potions of lignification
 m - 4 potions of invisibility
 s - a potion of cancellation
 t - 2 potions of magic
 D - 4 potions of agility
 P - a potion of brilliance
Books
 T - a manual of Stealth
Comestibles
 f - 22 rations


   Skills:
 + Level 14.7(19.7) Fighting
 * Level 21.5(26.5) Axes
 + Level 11.9(16.9) Armour
 - Level 3.6(8.6) Shields
 * Level 14.3 Invocations


You had 15 spell levels left.
You didn't know any spells.
Your spell library contained the following spells:

 Spells                   Type           Power        Failure   Level  Hunger
 Corona                   Hex            #......      80%         1    ##.....
 Freeze                   Ice            #...         80%         1    ##.....
 Magic Dart               Conj           #...         80%         1    ##.....
 Summon Butterflies       Summ           #.......     80%         1    ##.....
 Ensorcelled Hibernation  Hex/Ice        #.....       90%         2    ###....
 Searing Ray              Conj           #.....       90%         2    ###....
 Throw Frost              Conj/Ice       #.....       90%         2    ###....
 Call Canine Familiar     Summ           #.......     98%         3    ####...
 Confuse                  Hex            #.......     98%         3    ####...
 Dazzling Spray           Conj/Hex       #.....       98%         3    ####...
 Ozocubu's Armour         Chrm/Ice       #.......     98%         3    ####...
 Tukima's Dance           Hex            #.......     98%         3    ####...
 Force Lance              Conj/Tloc      #.......     100%        4    #####..
 Fulminant Prism          Conj/Hex       #.........   100%        4    #####..
 Iskenderun's Mystic Bla  Conj           #.......     100%        4    #####..
 Leda's Liquefaction      Hex/Erth       #.........   100%        4    #####..
 Summon Ice Beast         Ice/Summ       #.......     100%        4    #####..
 Throw Icicle             Conj/Ice       #.......     100%        4    #####..
 Bolt of Magma            Conj/Fire/Erth #.........   100%        5    ######.
 Metabolic Englaciation   Hex/Ice        #.........   100%        5    ######.
 Summon Mana Viper        Hex/Summ       #.......     100%        5    ######.
 Freezing Cloud           Conj/Ice/Air   #.........   100%        6    #######
 Iron Shot                Conj/Erth      #.........   100%        6    #######
 Ozocubu's Refrigeration  Ice            #.........   100%        6    #######
 Simulacrum               Ice/Necr       #.........   100%        6    #######
 Statue Form              Tmut/Erth      #........    100%        6    #######
 Summon Hydra             Summ           #.........   100%        7    #######
 Shatter                  Erth           #.........   100%        9    #######


Dungeon Overview and Level Annotations

Branches:
Dungeon (15/15)            Temple (1/1) D:6            Lair (6/6) D:10
  Swamp (0/4) Lair:2       Spider (0/4) Lair:4        Slime (0/5) Lair:6
    Orc (2/2) D:9             Elf (0/3) Orc:2        Vaults (0/5) D:13
 Depths (0/5) D:15          Sewer (visited)           IceCv (visited)
Gauntlet (visited)

Altars:
Ashenzari
Cheibriados
Dithmenos
Elyvilon
Fedhas
Gozag
Hepliaklqana
Kikubaaqudgha
Makhleb
Nemelex Xobeh
Okawaru
Qazlal
Ru
Sif Muna
Trog
Uskayaw
Vehumet
Wu Jian
Xom
Yredelemnul
Zin
The Shining One
Beogh
Jiyva

Shops:
D:4 (   D:9 [(!(?   Orc:1 :

Annotations:
D:7 2 transporters
D:9 3 runed translucent doors, snuffy's ghost, journeyman DsGl
Lair:6 1 runed translucent door
Orc:2 Donald


Innate Abilities, Weirdness & Mutations

You reflexively headbutt those who attack you in melee.
You have a pair of horns on your head.
You can translocate small distances at will.
Your mind is acute. (Int +2)
You occasionally shout uncontrollably at your foes.
Your spells are a little harder to cast, but a little more powerful.


Message History

Donald hits you with a +3 long sword of holy wrath!
You slash Donald!
Donald is moderately wounded.
You block Donald's attack.
You hit Donald but do no damage. You headbutt Donald, but do no damage.
Donald is moderately wounded.
Donald says, "Okawaru's gifts are murder."
Donald hits you with a +3 long sword of holy wrath!!
* * * LOW HITPOINT WARNING * * *
Okay, then.
You can now deal lightning-fast blows.
Donald sighs.
Donald hits you with a +3 long sword of holy wrath!!
* * * LOW HITPOINT WARNING * * *
Donald blocks your attack.
Your headbutt misses Donald.
Donald is moderately wounded.
You slash Donald! Donald blocks your attack.
Donald is heavily wounded.
Donald hits you with a +3 long sword of holy wrath!!
You die...

.
#..........##...#..##.##.....
.# ##........#####....##..#
.#.. ##
##.......###.##......##
##......##......#...#
#.....##.....######
#....#..#.#..# #....######.#
..#....#### ## #.......@..#
#........@......
##.##...........
##.............
#..............
##.............
...............
......#.#......


You could see Donald.

Vanquished Creatures
  Jorgrun (D:15)
  Roxanne (D:15)
  2 stone giants (Orc:2)
  Nessos (D:14)
  A minotaur (Gauntlet)
  Josephine (D:14)
  2 catoblepae
  An ice dragon (D:14)
  2 hydras
  2 two-headed ogres
  Erica (D:9)
  2 tengu warriors (D:15)
  Urug (Lair:4)
  14 death yaks
  An orc high priest (Orc:2)
  A deep troll shaman (Lair:6)
  A vampire mage (D:15)
  A skeletal warrior (D:15)
  A sea snake (shapeshifter) (Gauntlet)
  A spark wasp zombie (D:15)
  2 unseen horrors
  A glowing orange brain (shapeshifter) (D:14)
  2 orc knights
  2 necromancers
  2 orc sorcerers
  A deep elf mage (D:12)
  2 lindwurms (Lair:6)
  A wolf spider (shapeshifter) (D:14)
  A manticore (D:15)
  A tengu skeleton (D:15)
  12 ugly things
  A cyclops (shapeshifter) (Gauntlet)
  2 cyclopes
  A stone giant zombie (D:15)
  4 oklob plants (Lair:1)
  17 elephants
  4 black mambas
  An ice statue (IceCv)
  Psyche (D:8)
  4 gargoyles
  2 minotaur zombies (Gauntlet)
  A yaktaur (shapeshifter) (Gauntlet)
  A yaktaur zombie (D:15)
  13 spiny frogs
  11 freezing wraiths
  A rime drake (Lair:6)
  9 komodo dragons
  A guardian mummy (D:14)
  An efreet (D:15)
  A harpy zombie (D:13)
  2 tengu conjurers (D:14)
  6 trolls
  A tyrant leech (Lair:2)
  A harpy skeleton (D:12)
  2 hornets
  16 slime creatures
  3 polar bears
  3 blink frogs (Lair:1)
  A meliai zombie (D:15)
  10 dream sheep
  9 hippogriffs
  A vampire (D:15)
  A tarantella (shapeshifter) (Gauntlet)
  44 yaks
  11 humans (D:13)
  4 wyverns
  5 wraiths
  2 shadows
  3 redbacks (Lair:4)
  4 basilisks
  2 hungry ghosts
  6 vampire mosquitoes (D:14)
  Grum (D:10)
  2 wargs (Orc:2)
  Menkaure (D:5)
  A death yak simulacrum (IceCv)
  A swamp worm (Lair:2)
  3 soldier ants
  3 large abominations (Gauntlet)
  An acid dragon (D:15)
  9 water moccasins
  5 small abominations (Gauntlet)
  16 orc warriors
  10 porcupines
  3 black bears
  3 sky beasts
  An eye of draining (D:10)
  7 ice beasts
  3 necrophages
  8 ogres
  20 wolves
  6 centaurs
  14 crocodiles
  6 big kobolds (Sewer)
  A gnoll sergeant (D:12)
  20 bullfrogs
  7 scorpions
  14 killer bees
  2 elephant simulacra (IceCv)
  5 wights (D:10)
  A howler monkey (D:8)
  5 crimson imps
  2 bullfrog zombies
  A quasit (D:11)
  A centaur zombie (D:12)
  7 centaur skeletons
  5 draconian simulacra (IceCv)
  9 hounds
  3 jellies
  14 orc priests
  2 bullfrog skeletons
  5 iguanas
  Terence (D:2)
  10 worker ants
  21 orc wizards
  2 spriggan simulacra (IceCv)
  4 troll simulacra (IceCv)
  A wolf simulacrum (IceCv)
  A hound zombie (D:8)
  3 hound skeletons (D:7)
  A howler monkey zombie (D:6)
  A worker ant zombie (D:7)
  4 gnolls (D:4)
  3 river rats
  27 adders
  6 naga simulacra (IceCv)
  2 ogre simulacra (IceCv)
  8 shadow imps
  12 white imps (IceCv)
  4 oozes
  3 adder skeletons
  9 worms
  4 dart slugs
  7 leopard geckos
  70 orcs
  4 giant cockroaches
  9 goblins
  13 hobgoblins
  14 jackals
  10 kobolds
  4 quokkas
  12 ball pythons
  9 bats
  5 frilled lizards
  A jackal skeleton (D:4)
  A jackal zombie (D:9)
  A quokka zombie (D:6)
  15 rats
  8 fungi
  6 plants
  A withered plant (D:15)
823 creatures vanquished.

Vanquished Creatures (others)
  A vault guard (D:13)
  A centaur warrior (D:14)
  An orc warrior (Orc:1)
  An orc priest (Orc:2)
  An orc wizard (Orc:2)
  A centaur simulacrum (IceCv)
  2 kobolds (D:15)
  A bush (Lair:6)
  19 fungi
  19 plants
47 creatures vanquished.

Grand Total: 870 creatures vanquished

Notes
Turn   | Place    | Note
-------+----------+-------------------------------------------
     0 | D:1      | MTVSty1e the Minotaur Fighter began the quest for the Orb.
     0 | D:1      | Reached XP level 1. HP: 19/19 MP: 0/0
    48 | D:1      | Reached skill level 3 in Axes
    82 | D:1      | Reached XP level 2. HP: 26/26 MP: 1/1
   186 | D:1      | Reached skill level 4 in Axes
   543 | D:1      | Reached XP level 3. HP: 27/31 MP: 2/2
  1073 | D:2      | Reached skill level 5 in Axes
  1173 | D:2      | Reached XP level 4. HP: 30/39 MP: 3/3
  1502 | D:2      | Noticed Terence
  1507 | D:2      | Killed Terence
  1507 | D:2      | Reached skill level 6 in Axes
  1908 | D:3      | Reached XP level 5. HP: 36/45 MP: 4/4
  2028 | D:3      | Found a glowing drain.
  2033 | Sewer    | Entered a sewer
  2388 | Sewer    | Reached skill level 7 in Axes
  2465 | Sewer    | Reached XP level 6. HP: 49/51 MP: 5/5
  2530 | Sewer    | Reached skill level 8 in Axes
  2655 | Sewer    | Reached skill level 9 in Axes
  2706 | Sewer    | Reached XP level 7. HP: 56/57 MP: 6/6
  3178 | D:4      | Reached skill level 10 in Axes
  3441 | D:4      | Found Odinaifo's Antique Weapon Shoppe.
  3802 | D:5      | Entered Level 5 of the Dungeon
  3820 | D:5      | Reached skill level 11 in Axes
  3825 | D:5      | Reached XP level 8. HP: 53/64 MP: 7/7
  4040 | D:5      | Reached skill level 12 in Axes
  4047 | D:5      | Noticed Menkaure
  4054 | D:5      | Killed Menkaure
  4679 | D:6      | Reached skill level 13 in Axes
  5076 | D:6      | Reached XP level 9. HP: 25/70 MP: 8/8
  5283 | D:6      | Found a staircase to the Ecumenical Temple.
  5290 | Temple   | Entered the Ecumenical Temple
  5353 | Temple   | Became a worshipper of Warmaster Okawaru
  5664 | D:7      | Reached skill level 14 in Axes
  5671 | D:7      | Got a twisted ring mail
  5682 | D:7      | Identified the +2 ring mail "Boset" {Str+4 Stlth+} (You
                  | found it on level 7 of the Dungeon)
  6039 | D:7      | Found a transporter.
  6051 | D:7      | Noticed a two-headed ogre
  6062 | D:7      | Noticed a two-headed ogre
  6106 | D:7      | Noticed a queen bee
  6107 | D:7      | Noticed a black mamba
  6107 | D:7      | a queen bee changed into a black mamba
  6135 | D:7      | Found a transporter.
  6400 | D:7      | Identified the +9 war axe "Miamnaxio" {chop, *Noise *Drain
                  | +Inv rPois}
  7006 | D:8      | Reached * piety under Okawaru
  7006 | D:8      | Reached skill level 15 in Axes
  7160 | D:8      | Noticed Psyche
  7170 | D:8      | Killed Psyche
  7712 | D:8      | Reached skill level 16 in Axes
  7715 | D:8      | Reached ** piety under Okawaru
  7966 | D:9      | Found Mohonepuix's Magic Scroll Boutique.
  7978 | D:9      | Bought 2 scrolls of identify for 56 gold pieces
  7978 | D:9      | Bought a scroll of identify for 28 gold pieces
  7978 | D:9      | Bought a scroll of identify for 28 gold pieces
  7978 | D:9      | Found Uloame's Distillery.
  7983 | D:9      | Found Beutiu's Weapon Shoppe.
  8016 | D:9      | Found a staircase to the Orcish Mines.
  8024 | D:9      | Reached XP level 10. HP: 65/77 MP: 9/9
  8460 | D:9      | Found a roughly hewn altar of Beogh.
  8490 | D:9      | Noticed Erica
  8516 | D:9      | Killed Erica
  8520 | D:9      | Found Xupson's Armour Boutique.
  8539 | D:9      | Reached skill level 17 in Axes
  8989 | D:9      | Found a snail-covered altar of Cheibriados.
  9030 | D:9      | Found Naratant's Antique Weapon Shoppe.
  9048 | D:9      | Bought a broad axe for 124 gold pieces
  9200 | D:9      | Found a runed translucent gate.
  9200 | D:9      | Found a runed translucent gate.
  9200 | D:9      | Found a runed translucent gate.
  9200 | D:9      | Noticed snuffy's ghost (journeyman DsGl)
  9226 | D:10     | Entered Level 10 of the Dungeon
  9249 | D:10     | Reached *** piety under Okawaru
  9725 | D:10     | Reached skill level 18 in Axes
  9858 | D:10     | Noticed Grum
  9877 | D:10     | Killed Grum
 10240 | D:10     | Noticed a death yak
 10244 | D:10     | Noticed a death yak
 10245 | D:10     | Found a staircase to the Lair.
 10601 | D:10     | Reached **** piety under Okawaru
 10601 | D:10     | Reached XP level 11. HP: 79/82 MP: 10/10
 10951 | D:10     | Noticed a death yak
 10952 | D:10     | Noticed a death yak
 10953 | D:10     | Noticed a death yak
 11183 | Lair:1   | Entered Level 1 of the Lair of Beasts
 11224 | Lair:1   | Reached skill level 1 in Invocations
 11421 | Lair:1   | Reached ***** piety under Okawaru
 11750 | Lair:1   | Received a gift from Okawaru
 12209 | Lair:1   | Reached skill level 5 in Fighting
 12572 | Lair:1   | Noticed an oklob plant
 12574 | Lair:1   | Noticed an oklob plant
 12574 | Lair:1   | Noticed an oklob plant
 12574 | Lair:1   | Noticed an oklob plant
 12881 | Lair:1   | Killed an oklob plant
 12881 | Lair:1   | Killed an oklob plant
 12881 | Lair:1   | Reached skill level 19 in Axes
 12881 | Lair:1   | Reached skill level 5 in Armour
 13048 | Lair:1   | Killed an oklob plant
 13322 | Lair:1   | Killed an oklob plant
 14031 | Lair:2   | Found a gate leading to a gauntlet.
 14035 | Gauntlet | Entered a Gauntlet
 14035 | Gauntlet | Found a transporter.
 14035 | Gauntlet | Found a transporter.
 14035 | Gauntlet | Found a transporter.
 14035 | Gauntlet | Noticed a soul eater
 14036 | Gauntlet | Found a transporter.
 14039 | Gauntlet | Found a transporter.
 14043 | Gauntlet | Noticed an anaconda
 14043 | Gauntlet | a swamp worm changed into an anaconda
 14049 | Gauntlet | Found a transporter.
 14050 | Gauntlet | Found a transporter.
 14057 | Gauntlet | Found a transporter.
 14061 | Gauntlet | Noticed a soul eater
 14068 | Gauntlet | Found a transporter.
 14069 | Gauntlet | Noticed a soul eater
 14086 | Gauntlet | Found a transporter.
 14086 | Gauntlet | Found a transporter.
 14135 | Gauntlet | Found a transporter.
 14177 | Gauntlet | Noticed a sea snake
 14177 | Gauntlet | a cyclops changed into a sea snake
 14178 | Gauntlet | a sea snake changed into a cyclops
 14178 | Gauntlet | Noticed an unseen horror
 14181 | Gauntlet | Noticed a shining eye
 14181 | Gauntlet | a cyclops changed into a shining eye
 14182 | Gauntlet | a shining eye changed into a water nymph
 14183 | Gauntlet | Noticed a two-headed ogre
 14183 | Gauntlet | a water nymph changed into a two-headed ogre
 14189 | Gauntlet | a two-headed ogre changed into a cyclops
 14191 | Gauntlet | Noticed a glowing orange brain
 14191 | Gauntlet | a cyclops changed into a glowing orange brain
 14193 | Gauntlet | Noticed a shining eye
 14193 | Gauntlet | a glowing orange brain changed into a shining eye
 14195 | Gauntlet | Noticed a glowing orange brain
 14195 | Gauntlet | a shining eye changed into a glowing orange brain
 14197 | Gauntlet | a glowing orange brain changed into a redback
 14198 | Gauntlet | Noticed an unseen horror
 14198 | Gauntlet | a meliai changed into an unseen horror
 14239 | Gauntlet | Noticed a swamp dragon
 14239 | Gauntlet | a swamp dragon changed into a salamander
 14248 | Gauntlet | Noticed a harpy
 14248 | Gauntlet | a hornet changed into a harpy
 14256 | Gauntlet | Noticed a two-headed ogre
 14256 | Gauntlet | a manticore changed into a two-headed ogre
 14261 | Gauntlet | a harpy changed into a yaktaur
 14263 | Gauntlet | Noticed a sea snake
 14269 | Gauntlet | Killed a sea snake
 14269 | Gauntlet | Received a gift from Okawaru
 14272 | Gauntlet | Reached skill level 5 in Invocations
 14282 | Gauntlet | Got a heavily runed turquoise ring
 14283 | Gauntlet | Paralysed by a floating eye for 3 turns
 14343 | Gauntlet | Reached XP level 12. HP: 100/100 MP: 7/15
 14388 | Gauntlet | Noticed a minotaur
 14398 | Gauntlet | Killed a minotaur
 14655 | Gauntlet | Identified the ring "Ediagut" {rElec MP+9 Str-3 Int+3 SInv}
                  | (You found it in a Gauntlet)
 15108 | Lair:2   | Found a staircase to the Swamp.
 15541 | Lair:2   | Found a shattered altar of Ashenzari.
 16021 | Lair:3   | Found a basalt altar of Yredelemnul.
 16293 | Lair:3   | Received a gift from Okawaru
 16872 | Lair:4   | Noticed Urug
 16884 | Lair:4   | Killed Urug
 17014 | Lair:4   | Reached skill level 10 in Fighting
 17019 | Lair:4   | Received a gift from Okawaru
 17998 | Lair:4   | Noticed a death yak
 17999 | Lair:4   | Noticed a death yak
 17999 | Lair:4   | Noticed a death yak
 18009 | Lair:4   | Killed a death yak
 18009 | Lair:4   | Reached XP level 13. HP: 87/114 MP: 18/18
 18573 | Lair:4   | Found a hole to the Spider Nest.
 19761 | Lair:6   | Entered Level 6 of the Lair of Beasts
 21395 | Lair:6   | Reached ****** piety under Okawaru
 21861 | Lair:6   | Reached skill level 10 in Invocations
 22058 | Lair:6   | Found a runed translucent door.
 22061 | Lair:6   | Found a viscous altar of Jiyva.
 22062 | Lair:6   | Found a staircase to the Slime Pits.
 22062 | Lair:6   | Noticed an acid blob
 22062 | Lair:6   | Noticed an acid blob
 22062 | Lair:6   | Noticed an acid blob
 22585 | Lair:6   | Reached skill level 20 in Axes
 22945 | Lair:6   | Received a gift from Okawaru
 22946 | Lair:6   | Found the +8 Wrath of Trog {antimagic, *Rage}
 23771 | Lair:6   | Reached XP level 14. HP: 83/127 MP: 20/20
 24753 | D:11     | Received a gift from Okawaru
 24837 | D:11     | Found an ancient bone altar of Kikubaaqudgha.
 25098 | D:12     | Reached skill level 10 in Armour
 27895 | D:13     | Found a gate to the Vaults.
 27990 | D:13     | You fall into a shaft and drop 1 floor!
 27999 | D:14     | Found a frozen archway.
 28206 | IceCv    | Entered an ice cave
 29032 | IceCv    | Identified Sif Muna's Reference Book on Snow
 29102 | IceCv    | Found an ancient bone altar of Kikubaaqudgha.
 29285 | D:14     | Noticed Nessos
 29286 | D:14     | Found a bloodstained altar of Trog.
 29289 | D:14     | Killed Nessos
 29525 | D:14     | Received a gift from Okawaru
 29584 | D:14     | Reached XP level 15. HP: 85/138 MP: 23/23
 29978 | D:14     | Found a sparkling altar of Nemelex Xobeh.
 30120 | D:14     | Gained mutation: You can translocate small distances at
                  | will. [potion of mutation]
 30120 | D:14     | Gained mutation: You occasionally shout uncontrollably at
                  | your foes. [potion of mutation]
 30120 | D:14     | Gained mutation: Your mind is acute. (Int +2) [potion of
                  | mutation]
 30122 | D:14     | Reached XP level 16. HP: 146/146 MP: 24/24
 30173 | D:14     | Received a gift from Okawaru
 30466 | D:14     | Got a transparent scale mail {god gift}
 30477 | D:14     | Identified the +0 scale mail "Xiwobesy" {*Contam rC- rCorr
                  | Int+10} (Okawaru gifted it to you on level 14 of the
                  | Dungeon)
 30483 | D:14     | Gained mutation: You tend to lose your temper in combat.
                  | [mutagenic glow]
 30558 | D:15     | Entered Level 15 of the Dungeon
 30558 | D:15     | Noticed Josephine
 30584 | D:15     | Reached skill level 21 in Axes
 30614 | D:14     | Killed Josephine
 31166 | D:14     | Lost mutation: You occasionally shout uncontrollably at
                  | your foes. [potion of mutation]
 31166 | D:14     | Lost mutation: You tend to lose your temper in combat.
                  | [potion of mutation]
 31166 | D:14     | Gained mutation: You occasionally shout uncontrollably at
                  | your foes. [potion of mutation]
 31166 | D:14     | Gained mutation: Your spells are a little harder to cast,
                  | but a little more powerful. [potion of mutation]
 31867 | D:15     | Paralysed by an orc sorcerer for 5 turns
 32234 | D:15     | Noticed Jorgrun
 32972 | D:15     | Killed Jorgrun
 33407 | D:15     | Found a staircase to the Depths.
 33446 | D:15     | Identified Roxanne's Volume of Stones
 33446 | D:15     | Noticed Roxanne
 33465 | D:15     | Killed Roxanne
 34440 | Orc:1    | Entered Level 1 of the Orcish Mines
 34584 | Orc:1    | Found Waloron's Book Boutique.
 34912 | Orc:2    | Entered Level 2 of the Orcish Mines
 34934 | Orc:2    | Found a bloodstained altar of Trog.
 35282 | Orc:2    | Found a staircase to the Elven Halls.
 35616 | Orc:2    | Noticed Donald
 35629 | Orc:2    | Slain by Donald

Levels and vault maps discovered:
D:1:      dpeg_arrival_subterranean_lakeside_camping, layout_basic,
          serial_park_tiny_2, minmay_misc_feat_secret_circle
D:2:      layout_loops_corners, first_ration, uniq_terence
D:3:      layout_rooms, gup_sewer_entry_bowl
D:4:      lemuel_upstairs_altar, layout_cave_pools, serial_shops,
          nicolae_shop_overgrown_old_shop
D:5:      layout_loops_ring, hangedman_decor_peaks_small, uniq_menkaure
D:6:      layout_cave_pools, minmay_temple_entry_wispy, grunt_potential
D:7:      gammafunk_the_bubble [the_bubble_gammafunk_crates], layout_gridville
D:8:      layout_basic, hangedman_pestilent_swarm, patterned_corridor,
          uniq_psyche
D:9:      layout_rooms, cheibrodos_worm_habitat, minmay_orc_entry_temple_small,
          gammafunk_ghost_spectres, serial_shops, shop, shop, shop, shop, shop,
          uniq_erica
D:10:     layout_basic, dpeg_lair_monsters, uniq_grum
D:11:     layout_cave_pools, david_defended_altar_elf
D:12:     minmay_razor_zed, layout_basic
D:13:     wad_pebble_path, layout_stronghold, ximxim_vaults_locker_room
D:14:     layout_basic, basic_altar, portal_ice_cave_entry_animals_and_master,
          nemelex_xobeh_ov_fountains_minmay, uniq_nessos
D:15:     gammafunk_depths_entry_grave, layout_rooms, solitary_fountain,
          minmay_unpleasant_kobolds, uniq_jorgrun, uniq_roxanne, uniq_josephine
Temple:   dpeg_three_leaves_temple
Lair:1:   minmay_lair_venomous_thicket, layout_chaotic_city, minivault_27,
          grunt_megastairs_5, serial_bayou_shore_b, minmay_lair_oklob_chamber
Lair:2:   wad_woods_stonehenge, layout_chaotic_city, minmay_swamp_entry_worms,
          gauntlet_entry_generic, minivault_19, lemuel_fruit_tree
Lair:3:   layout_loops_ring, basic_altar, grunt_megastairs_1,
          infiniplex_staircase_pool
Lair:4:   layout_cave_pods, spider_nest_entry_webs, uniq_urug
Lair:5:   layout_regular_city
Lair:6:   grunt_lair_end_beastmaster, layout_loops_ring, slime_altar_2
Orc:1:    layout_caves, serial_shops, shop, lightli_orcish_oven
Orc:2:    grunt_orc_tribal_feast, layout_caves, basic_altar, serial_shops,
          nicolae_shop_crystal, nicolae_orc_stony_grotto, bh_open_orc_temple,
          uniq_donald

Skill      XL: |  1  2  3  4  5  6  7  8  9 10 11 12 13 14 15 16 |
---------------+-------------------------------------------------+-----
Axes           | 3 4 5 6 7 9 11 13 16 18 19 20 21 | 21.5
Fighting       | 7 10 12 14 | 14.7
Invocations    | 5 8 10 12 13 14 | 14.3
Armour         | 6 8 9 11 | 11.9
Shields        | |  3.6

Action                   |  1- 3 |  4- 6 |  7- 9 | 10-12 | 13-15 | 16-18 || total
-------------------------+-------+-------+-------+-------+-------+-------++-------
Melee: War axe           |    85 |   143 |   346 |    80 |       |       ||   654
       Headbutt          |    13 |    22 |    62 |   150 |   222 |   106 ||   575
       Broad axe         |       |       |       |   549 |   971 |   372 ||  1892
       Scimitar          |       |       |       |       |    11 |       ||    11
Invok: Heroism           |       |       |       |     7 |     8 |     9 ||    24
       Finesse           |       |       |       |     2 |     1 |     4 ||     7
Evoke: Wand              |       |       |       |    23 |       |       ||    23
  Use: Scroll            |       |     4 |    12 |     8 |     6 |     1 ||    31
       Potion            |       |       |     7 |     3 |     5 |     6 ||    21
 Stab: Invisible         |       |       |     2 |       |       |       ||     2
       Sleeping          |       |       |     1 |       |       |       ||     1
       Petrified         |       |       |       |       |     4 |       ||     4
  Eat: Ration            |       |     2 |     4 |     9 |     9 |     5 ||    29
       Chunk             |       |     1 |     4 |     3 |    11 |     2 ||    21
Armor: Scale mail        |    38 |    58 |    60 |       |       |       ||   156
       Ring mail         |       |       |    21 |    96 |       |    83 ||   200
       Skin              |       |       |     6 |       |       |       ||     6
       Chain mail        |       |       |     3 |       |       |       ||     3
       Ice dragon scales |       |       |       |    63 |   333 |     6 ||   402
Dodge: Dodged            |    31 |    44 |    89 |   144 |   184 |    72 ||   564
       Deflected         |       |       |       |       |     6 |     9 ||    15
Block: Shield            |    44 |    63 |   166 |   298 |   610 |   233 ||  1414
       Reflection        |       |       |       |       |    15 |    17 ||    32
       Rpst.: Scimitar   |       |       |       |       |     5 |       ||     5
